[ AOE2 MATCH · #497135287 ]
UnrankedEthiopians vs Dravidians
[ REPLAY ANALYSIS · EXTRACTED FROM THE RECORDED GAME ]
Feudal
11:39
Castle
22:52
Imperial
38:07
| APM avg | 51.1 |
| APM peak | 77 |
| eAPM avg | 21.5 |
| Villagers / military | 124 / 81 |
Focus
⚔️ 25.5% · 🌾 74.5%
Spearman ×51 · Archer ×28 · Bombard Cannon ×2
Feudal
12:43
Castle
16:26
Imperial
37:52
| APM avg | 36.1 |
| APM peak | 66 |
| eAPM avg | 19.2 |
| Villagers / military | 168 / 53 |
Focus
⚔️ 27.3% · 🌾 72.7%
Spearman ×20 · Elephant Archer ×13 · Scorpion ×6 · Scout Cavalry ×5 · Mangonel ×3 · Monk ×2
Feudal
12:41
Castle
24:10
Imperial
—
| APM avg | 69.9 |
| APM peak | 105 |
| eAPM avg | 32.9 |
| Villagers / military | 112 / 133 |
Focus
⚔️ 31.3% · 🌾 68.7%
Plumed Archer ×91 · Archer ×31 · Spearman ×6 · Battering Ram ×4 · Eagle Scout ×1
Feudal
11:30
Castle
19:51
Imperial
—
| APM avg | 54.6 |
| APM peak | 97 |
| eAPM avg | 26.9 |
| Villagers / military | 188 / 69 |
Focus
⚔️ 33.1% · 🌾 66.9%
Camel Scout ×42 · Scout Cavalry ×8 · Shrivamsha Rider ×7 · Monk ×5 · Scorpion ×4 · Mangonel ×2
Feudal
16:37
Castle
37:00
Imperial
—
| APM avg | 26.3 |
| APM peak | 53 |
| eAPM avg | 12.8 |
| Villagers / military | 94 / 0 |
Focus
⚔️ 19.8% · 🌾 80.2%
Feudal
12:45
Castle
18:46
Imperial
—
| APM avg | 35.1 |
| APM peak | 86 |
| eAPM avg | 16.7 |
| Villagers / military | 94 / 86 |
Focus
⚔️ 23.0% · 🌾 77.0%
Knight ×86
Feudal
12:24
Castle
33:54
Imperial
—
| APM avg | 73.8 |
| APM peak | 198 |
| eAPM avg | 37.0 |
| Villagers / military | 63 / 27 |
Focus
⚔️ 64.6% · 🌾 35.4%
Archer ×26 · Spearman ×1
Feudal
14:15
Castle
21:07
Imperial
—
| APM avg | 47.5 |
| APM peak | 95 |
| eAPM avg | 22.4 |
| Villagers / military | 130 / 18 |
Focus
⚔️ 28.0% · 🌾 72.0%
Spearman ×8 · Monk ×5 · Mangonel ×5
Match map
Initial resources + every placement click. Lines = walls · curves = elevation contours. ◆ gold · ⬟ stone · ● berries · ✦ relic · ◌ wall gap
Your base· Open — 3t gap
TIGER's base· Open — 11t gap
saymyname's base· Open — unwalled flank
TIGER's base· Open — 10t gap
TIGER's base· Open — 12t gap
saymyname's base· Open — 2t gap
TIGER's base· Open — 10t gap
saymyname's base· Open — unwalled flank
Smoothed initial terrain · ◌ = detected wall gap · hover for details
Inputs per minute
— saymyname - - TIGER
Build order — saymyname
First 150 of 389 actions detected
| 0:07 | Build | Town Center |
| 0:17 | Build | House |
| 2:21 | Create | Villager (Male) |
| 2:21 | Create | Villager (Male) |
| 2:21 | Create | Villager (Male) |
| 2:21 | Create | Villager (Male) |
| 3:17 | Create | Villager (Male) |
| 3:56 | Create | Villager (Male) |
| 4:11 | Build | Lumber Camp |
| 4:30 | Create | Villager (Male) |
| 4:31 | Create | Villager (Male) |
| 4:32 | Build | House |
| 5:08 | Create | Villager (Male) |
| 5:08 | Create | Villager (Male) |
| 5:21 | Create | Villager (Male) |
| 5:23 | Build | House |
| 5:56 | Create | Villager (Male) |
| 6:05 | Create | Villager (Male) |
| 6:47 | Build | Mill |
| 6:53 | Create | Villager (Male) |
| 7:30 | Create | Villager (Male) |
| 7:30 | Create | Villager (Male) |
| 7:33 | Create | Villager (Male) |
| 7:33 | Create | Villager (Male) |
| 7:41 | Build | Mining Camp |
| 8:03 | Create | Villager (Male) |
| 8:03 | Create | Villager (Male) |
| 8:36 | Research | Loom |
| 9:29 | Research | Feudal Age |
| 9:40 | Build | House |
| 10:10 | Build | Barracks |
| 10:13 | Create | Villager (Male) |
| 10:37 | Build | Palisade Wall |
| 10:37 | Build | Palisade Wall |
| 10:38 | Build | Palisade Wall |
| 10:40 | Build | Palisade Wall |
| 10:44 | Build | Palisade Wall |
| 10:54 | Build | Palisade Wall |
| 10:55 | Build | Palisade Wall |
| 11:00 | Create | Villager (Male) |
| 11:19 | Build | Palisade Wall |
| 11:29 | Build | House |
| 11:31 | Build | House |
| 11:39 | Age | Feudal Age |
| 11:39 | Research | Double-Bit Axe |
| 11:42 | Build | Archery Range |
| 11:49 | Create | Villager (Male) |
| 12:03 | Build | Palisade Wall |
| 12:16 | Create | Villager (Male) |
| 12:25 | Create | Archer |
| 12:31 | Build | Palisade Wall |
| 12:39 | Create | Archer |
| 13:00 | Build | Archery Range |
| 13:02 | Create | Archer |
| 13:03 | Create | Villager (Male) |
| 13:11 | Build | Palisade Wall |
| 13:13 | Build | Palisade Wall |
| 13:16 | Create | Villager (Male) |
| 13:35 | Create | Archer |
| 13:57 | Create | Archer |
| 13:58 | Create | Archer |
| 14:03 | Create | Villager (Male) |
| 14:12 | Build | Blacksmith |
| 14:29 | Create | Archer |
| 14:29 | Create | Archer |
| 14:31 | Create | Villager (Male) |
| 14:43 | Create | Villager (Male) |
| 14:49 | Research | Horse Collar |
| 15:11 | Build | House |
| 15:13 | Build | House |
| 15:37 | Create | Villager (Male) |
| 15:40 | Build | Farm |
| 15:56 | Research | Fletching |
| 15:56 | Research | Fletching |
| 15:57 | Create | Villager (Male) |
| 15:57 | Create | Archer |
| 15:58 | Create | Archer |
| 16:02 | Build | Farm |
| 16:22 | Create | Archer |
| 16:22 | Create | Archer |
| 16:24 | Create | Villager (Male) |
| 16:28 | Build | Mill |
| 16:49 | Create | Villager (Male) |
| 16:50 | Create | Archer |
| 16:50 | Create | Archer |
| 17:05 | Build | Farm |
| 17:05 | Build | Farm |
| 17:11 | Build | Palisade Wall |
| 17:12 | Build | Palisade Wall |
| 17:14 | Build | Palisade Wall |
| 17:15 | Build | Palisade Wall |
| 17:16 | Build | Palisade Wall |
| 17:39 | Create | Villager (Male) |
| 17:43 | Create | Spearman |
| 17:43 | Create | Spearman |
| 17:44 | Create | Archer |
| 17:45 | Create | Villager (Male) |
| 17:46 | Build | House |
| 18:05 | Create | Villager (Male) |
| 18:08 | Build | Farm |
| 18:10 | Build | House |
| 18:36 | Create | Spearman |
| 19:10 | Build | Mill |
| 19:24 | Create | Villager (Male) |
| 19:27 | Build | Farm |
| 19:31 | Build | Lumber Camp |
| 20:12 | Research | Castle Age |
| 20:18 | Create | Villager (Male) |
| 20:19 | Build | House |
| 20:20 | Build | House |
| 20:40 | Research | Padded Archer Armor |
| 21:05 | Build | Mill |
| 21:28 | Create | Archer |
| 21:28 | Create | Archer |
| 21:31 | Create | Villager (Male) |
| 21:32 | Research | Gold Mining |
| 22:11 | Create | Villager (Male) |
| 22:15 | Create | Archer |
| 22:16 | Create | Archer |
| 22:35 | Create | Archer |
| 22:35 | Create | Archer |
| 22:52 | Age | Castle Age |
| 22:55 | Research | Crossbowman (upgrade) |
| 22:59 | Create | Villager (Male) |
| 23:08 | Research | Bow Saw |
| 23:11 | Build | Town Center |
| 23:24 | Create | Archer |
| 23:25 | Research | Bodkin Arrow |
| 23:29 | Create | Villager (Male) |
| 23:49 | Create | Spearman |
| 23:50 | Research | Squires |
| 23:53 | Create | Villager (Male) |
| 24:16 | Create | Spearman |
| 24:22 | Create | Villager (Male) |
| 24:24 | Build | Farm |
| 24:24 | Build | Farm |
| 24:24 | Build | Farm |
| 24:49 | Create | Villager (Male) |
| 24:53 | Build | University |
| 24:56 | Create | Villager (Male) |
| 25:15 | Create | Villager (Male) |
| 25:32 | Build | House |
| 25:32 | Build | House |
| 26:06 | Create | Spearman |
| 26:09 | Create | Villager (Male) |
| 26:12 | Research | Ballistics |
| 26:22 | Create | Archer |
| 26:22 | Create | Archer |
| 26:26 | Create | Villager (Male) |
| 26:29 | Build | Farm |
Build order — TIGER
First 150 of 360 actions detected
| 0:13 | Build | Town Center |
| 2:34 | Build | House |
| 2:38 | Create | Villager (Male) |
| 2:38 | Create | Villager (Male) |
| 2:39 | Create | Villager (Male) |
| 2:39 | Create | Villager (Male) |
| 3:42 | Create | Villager (Male) |
| 4:07 | Create | Villager (Male) |
| 4:46 | Build | House |
| 4:46 | Create | Villager (Male) |
| 5:10 | Create | Villager (Male) |
| 5:11 | Create | Villager (Male) |
| 5:34 | Create | Villager (Male) |
| 6:14 | Research | Loom |
| 6:16 | Build | Lumber Camp |
| 6:25 | Create | Villager (Male) |
| 6:25 | Create | Villager (Male) |
| 6:25 | Create | Villager (Male) |
| 6:43 | Create | Villager (Male) |
| 6:45 | Build | House |
| 6:52 | Build | House |
| 6:58 | Build | House |
| 7:16 | Create | Villager (Male) |
| 7:45 | Create | Villager (Male) |
| 8:27 | Create | Villager (Male) |
| 8:42 | Create | Villager (Male) |
| 9:24 | Build | Mill |
| 9:28 | Build | House |
| 9:32 | Create | Villager (Male) |
| 10:13 | Build | Mining Camp |
| 10:15 | Research | Feudal Age |
| 12:22 | Create | Villager (Male) |
| 12:43 | Age | Feudal Age |
| 12:45 | Build | Blacksmith |
| 12:49 | Build | Market |
| 13:16 | Create | Villager (Male) |
| 13:46 | Research | Castle Age |
| 13:51 | Build | Mill |
| 14:12 | Build | Mill |
| 14:56 | Research | Double-Bit Axe |
| 15:29 | Build | House |
| 15:31 | Create | Villager (Male) |
| 15:56 | Create | Villager (Male) |
| 16:11 | Create | Villager (Male) |
| 16:14 | Build | Barracks |
| 16:26 | Age | Castle Age |
| 16:34 | Build | Siege Workshop |
| 16:37 | Create | Villager (Male) |
| 16:43 | Build | Town Center |
| 16:54 | Create | Villager (Male) |
| 17:15 | Create | Villager (Male) |
| 17:20 | Create | Mangonel |
| 17:28 | Build | Outpost |
| 17:32 | Create | Spearman |
| 17:38 | Build | House |
| 17:59 | Build | Mill |
| 18:05 | Create | Villager (Male) |
| 18:18 | Create | Armored Elephant |
| 18:23 | Create | Villager (Male) |
| 18:29 | Create | Militia |
| 18:29 | Research | Man-at-Arms (upgrade) |
| 18:57 | Create | Villager (Male) |
| 19:02 | Create | Villager (Male) |
| 19:05 | Create | Villager (Male) |
| 19:06 | Build | Farm |
| 19:07 | Build | Farm |
| 19:16 | Create | Villager (Male) |
| 19:21 | Create | Scorpion |
| 19:29 | Build | Farm |
| 19:41 | Create | Villager (Male) |
| 19:55 | Create | Villager (Male) |
| 19:56 | Create | Villager (Male) |
| 20:12 | Build | Farm |
| 20:14 | Build | House |
| 20:15 | Create | Villager (Male) |
| 21:00 | Create | Villager (Male) |
| 21:05 | Create | Armored Elephant |
| 21:24 | Create | Villager (Male) |
| 21:33 | Build | House |
| 21:34 | Build | House |
| 21:39 | Build | Siege Workshop |
| 21:45 | Build | Farm |
| 21:48 | Create | Scorpion |
| 21:58 | Create | Villager (Male) |
| 21:59 | Create | Villager (Male) |
| 22:08 | Build | Farm |
| 22:09 | Build | Farm |
| 22:10 | Build | Farm |
| 22:11 | Create | Villager (Male) |
| 22:24 | Build | Farm |
| 22:26 | Create | Villager (Male) |
| 22:26 | Create | Villager (Male) |
| 22:29 | Create | Mangonel |
| 22:39 | Build | Town Center |
| 22:47 | Create | Villager (Male) |
| 22:48 | Create | Villager (Male) |
| 22:55 | Create | Spearman |
| 22:58 | Create | Villager (Male) |
| 23:12 | Create | Villager (Male) |
| 23:12 | Create | Villager (Male) |
| 23:21 | Research | Pikeman (upgrade) |
| 23:23 | Build | Monastery |
| 23:31 | Build | Farm |
| 23:35 | Build | House |
| 23:37 | Build | House |
| 23:40 | Build | Palisade Wall |
| 23:45 | Create | Villager (Male) |
| 23:47 | Create | Spearman |
| 23:59 | Create | Villager (Male) |
| 24:03 | Build | House |
| 24:04 | Build | House |
| 24:05 | Create | Monk |
| 24:22 | Create | Spearman |
| 24:22 | Create | Villager (Male) |
| 24:23 | Create | Villager (Male) |
| 24:32 | Create | Villager (Male) |
| 24:37 | Build | Farm |
| 24:38 | Build | Farm |
| 24:40 | Research | Horse Collar |
| 24:43 | Research | Bow Saw |
| 24:44 | Create | Villager (Male) |
| 24:49 | Build | Palisade Wall |
| 24:51 | Build | Palisade Wall |
| 24:52 | Create | Villager (Male) |
| 24:53 | Create | Villager (Male) |
| 25:00 | Create | Scorpion |
| 25:01 | Create | Villager (Male) |
| 25:02 | Create | Villager (Male) |
| 25:13 | Create | Villager (Male) |
| 25:13 | Create | Villager (Male) |
| 25:18 | Create | Mangonel |
| 25:19 | Create | Villager (Male) |
| 25:24 | Build | Farm |
| 25:35 | Create | Villager (Male) |
| 25:35 | Create | Villager (Male) |
| 25:54 | Create | Villager (Male) |
| 26:04 | Build | Farm |
| 26:05 | Build | Farm |
| 26:06 | Build | Farm |
| 26:07 | Build | Farm |
| 26:08 | Build | Farm |
| 26:22 | Create | Villager (Male) |
| 26:23 | Create | Villager (Male) |
| 26:30 | Build | House |
| 26:30 | Build | House |
| 26:33 | Build | Farm |
| 26:34 | Build | Farm |
| 26:35 | Build | Farm |
| 26:37 | Create | Monk |
| 26:43 | Build | Farm |
Build order — saymyname
First 150 of 327 actions detected
| 0:39 | Build | Town Center |
| 2:36 | Create | Villager (Male) |
| 2:37 | Create | Villager (Male) |
| 2:54 | Create | Villager (Male) |
| 2:59 | Build | House |
| 3:01 | Research | Loom |
| 3:02 | Create | Villager (Male) |
| 3:03 | Create | Villager (Male) |
| 3:05 | Research | Loom |
| 3:06 | Create | Villager (Male) |
| 3:07 | Create | Villager (Male) |
| 3:57 | Build | House |
| 4:04 | Create | Villager (Male) |
| 4:08 | Build | House |
| 4:44 | Create | Villager (Male) |
| 5:00 | Create | Villager (Male) |
| 5:00 | Create | Villager (Male) |
| 5:28 | Create | Villager (Male) |
| 5:45 | Build | Lumber Camp |
| 5:52 | Create | Villager (Male) |
| 5:52 | Create | Villager (Male) |
| 6:21 | Create | Villager (Male) |
| 6:33 | Create | Villager (Male) |
| 6:37 | Build | House |
| 6:54 | Build | Palisade Wall |
| 7:33 | Build | Outpost |
| 7:38 | Build | Palisade Wall |
| 7:42 | Create | Villager (Male) |
| 7:45 | Create | Villager (Male) |
| 7:45 | Create | Villager (Male) |
| 7:45 | Create | Villager (Male) |
| 7:46 | Create | Villager (Male) |
| 8:01 | Build | Outpost |
| 8:27 | Build | House |
| 8:41 | Create | Villager (Male) |
| 8:41 | Create | Villager (Male) |
| 8:41 | Create | Villager (Male) |
| 8:44 | Build | Palisade Wall |
| 8:45 | Build | Palisade Wall |
| 8:47 | Build | Palisade Wall |
| 8:57 | Create | Villager (Male) |
| 9:27 | Build | Mining Camp |
| 10:06 | Create | Villager (Male) |
| 10:30 | Research | Feudal Age |
| 10:31 | Research | Feudal Age |
| 10:38 | Build | Barracks |
| 10:42 | Build | Palisade Wall |
| 11:17 | Build | Mill |
| 11:28 | Build | House |
| 11:41 | Build | House |
| 11:50 | Create | Villager (Male) |
| 11:50 | Create | Villager (Male) |
| 11:50 | Create | Villager (Male) |
| 11:50 | Create | Villager (Male) |
| 12:05 | Build | Outpost |
| 12:12 | Build | Outpost |
| 12:41 | Age | Feudal Age |
| 12:46 | Build | Archery Range |
| 12:49 | Build | Archery Range |
| 12:52 | Build | Archery Range |
| 12:54 | Create | Villager (Male) |
| 12:58 | Research | Double-Bit Axe |
| 12:59 | Research | Double-Bit Axe |
| 13:09 | Create | Eagle Scout |
| 13:37 | Build | Blacksmith |
| 13:41 | Build | Blacksmith |
| 13:43 | Build | House |
| 13:49 | Create | Archer ×4 |
| 13:54 | Create | Archer |
| 13:54 | Create | Archer |
| 13:55 | Create | Archer |
| 13:57 | Create | Villager (Male) |
| 13:58 | Create | Villager (Male) |
| 13:58 | Create | Villager (Male) |
| 14:24 | Build | Mill |
| 14:52 | Create | Archer |
| 14:52 | Create | Archer |
| 14:53 | Create | Archer |
| 15:15 | Research | Fletching |
| 15:20 | Build | Palisade Gate |
| 15:50 | Create | Villager (Male) |
| 15:53 | Build | Mining Camp |
| 16:00 | Create | Archer |
| 16:12 | Build | Farm |
| 16:17 | Create | Villager (Male) |
| 16:17 | Create | Villager (Male) |
| 16:21 | Build | Farm |
| 16:26 | Create | Villager (Male) |
| 16:26 | Create | Villager (Male) |
| 16:30 | Build | Watch Tower |
| 16:34 | Create | Archer ×2 |
| 16:45 | Build | House |
| 17:04 | Build | House |
| 17:07 | Create | Archer |
| 17:13 | Build | Palisade Wall |
| 17:18 | Build | Farm |
| 17:24 | Research | Town Watch |
| 17:34 | Create | Archer |
| 17:35 | Create | Archer |
| 17:43 | Create | Villager (Male) |
| 17:44 | Create | Villager (Male) |
| 17:44 | Create | Villager (Male) |
| 17:44 | Create | Villager (Male) |
| 18:11 | Create | Archer |
| 18:19 | Create | Villager (Male) |
| 18:25 | Build | Farm |
| 18:28 | Build | Mill |
| 18:37 | Create | Villager (Male) |
| 18:37 | Create | Villager (Male) |
| 18:37 | Create | Villager (Male) |
| 18:37 | Create | Villager (Male) |
| 18:38 | Create | Villager (Male) |
| 18:40 | Build | House |
| 19:12 | Create | Villager (Male) |
| 19:15 | Build | Market |
| 19:24 | Create | Archer ×3 |
| 19:24 | Create | Archer ×3 |
| 19:36 | Create | Villager (Male) |
| 20:04 | Build | Palisade Gate |
| 20:15 | Build | Mill |
| 20:34 | Build | House |
| 21:14 | Build | House |
| 21:15 | Build | Palisade Wall |
| 21:30 | Research | Castle Age |
| 22:07 | Research | Padded Archer Armor |
| 22:07 | Research | Padded Archer Armor |
| 22:45 | Create | Archer ×3 |
| 22:56 | Build | Lumber Camp |
| 24:10 | Age | Castle Age |
| 24:20 | Research | Crossbowman (upgrade) |
| 24:20 | Research | Crossbowman (upgrade) |
| 24:20 | Research | Bodkin Arrow |
| 24:20 | Research | Bodkin Arrow |
| 24:21 | Create | Spearman |
| 24:21 | Create | Spearman |
| 24:21 | Create | Spearman |
| 24:22 | Create | Spearman |
| 24:22 | Create | Spearman |
| 24:23 | Create | Spearman |
| 24:25 | Create | Villager (Male) |
| 24:25 | Create | Villager (Male) |
| 24:25 | Create | Villager (Male) |
| 24:37 | Build | Castle |
| 24:45 | Build | Town Center |
| 24:57 | Create | Archer ×5 |
| 25:04 | Build | University |
| 25:21 | Create | Villager (Male) |
| 25:21 | Create | Villager (Male) |
| 25:32 | Build | Siege Workshop |
| 26:09 | Create | Plumed Archer |
Build order — TIGER
First 150 of 446 actions detected
| 0:28 | Build | Town Center |
| 2:29 | Create | Villager (Male) |
| 2:29 | Create | Villager (Male) |
| 2:29 | Create | Villager (Male) |
| 2:30 | Create | Villager (Male) |
| 2:46 | Build | House |
| 3:04 | Build | Mill |
| 3:48 | Create | Villager (Male) |
| 4:17 | Create | Villager (Male) |
| 4:17 | Create | Villager (Male) |
| 4:37 | Build | House |
| 4:40 | Create | Villager (Male) |
| 4:42 | Create | Villager (Male) |
| 5:35 | Create | Villager (Male) |
| 5:35 | Create | Villager (Male) |
| 5:46 | Build | House |
| 6:08 | Create | Villager (Male) |
| 6:09 | Create | Villager (Male) |
| 6:42 | Create | Villager (Male) |
| 6:42 | Create | Villager (Male) |
| 6:53 | Build | House |
| 7:22 | Build | Lumber Camp |
| 7:47 | Create | Villager (Male) |
| 8:17 | Create | Villager (Male) |
| 8:41 | Create | Villager (Male) |
| 9:18 | Build | Mill |
| 9:20 | Research | Feudal Age |
| 10:30 | Build | Barracks |
| 11:10 | Create | Villager (Male) |
| 11:30 | Age | Feudal Age |
| 11:31 | Build | Stable |
| 11:36 | Build | House |
| 11:45 | Create | Villager (Male) |
| 11:50 | Research | Double-Bit Axe |
| 11:52 | Research | Loom |
| 12:04 | Create | Scout Cavalry |
| 12:04 | Create | Scout Cavalry |
| 12:12 | Create | Villager (Male) |
| 12:17 | Build | House |
| 12:18 | Build | Palisade Wall |
| 12:20 | Build | House |
| 12:20 | Build | Palisade Wall |
| 12:33 | Build | Palisade Wall |
| 12:36 | Create | Villager (Male) |
| 12:42 | Create | Scout Cavalry |
| 12:44 | Create | Spearman |
| 12:47 | Create | Villager (Male) |
| 13:09 | Create | Scout Cavalry |
| 13:10 | Create | Villager (Male) |
| 13:39 | Build | Mill |
| 13:48 | Create | Scout Cavalry |
| 13:49 | Create | Villager (Male) |
| 13:54 | Build | Watch Tower |
| 13:56 | Build | Mining Camp |
| 14:09 | Create | Scout Cavalry |
| 14:09 | Create | Villager (Male) |
| 14:30 | Create | Scout Cavalry |
| 14:38 | Create | Villager (Male) |
| 14:52 | Create | Villager (Male) |
| 15:12 | Build | Mill |
| 15:23 | Research | Town Watch |
| 15:24 | Create | Villager (Male) |
| 15:25 | Build | House |
| 15:27 | Build | House |
| 15:54 | Create | Villager (Male) |
| 15:57 | Build | Market |
| 16:01 | Create | Scout Cavalry |
| 16:44 | Create | Villager (Male) |
| 17:11 | Research | Castle Age |
| 17:33 | Build | Mill |
| 17:39 | Create | Villager (Male) |
| 17:47 | Research | Bloodlines |
| 17:48 | Research | Bloodlines |
| 18:07 | Build | Blacksmith |
| 18:48 | Build | House |
| 18:51 | Research | Scale Barding Armor |
| 19:18 | Build | Stable |
| 19:49 | Build | House |
| 19:51 | Age | Castle Age |
| 19:53 | Research | Light Cavalry (upgrade) |
| 19:54 | Research | Husbandry |
| 19:54 | Research | Husbandry |
| 20:03 | Research | Husbandry |
| 20:03 | Research | Husbandry |
| 20:11 | Create | Shrivamsha Rider |
| 20:12 | Create | Shrivamsha Rider |
| 20:13 | Create | Villager (Male) |
| 20:14 | Create | Villager (Male) |
| 20:14 | Create | Villager (Male) |
| 21:01 | Create | Villager (Male) |
| 21:07 | Create | Shrivamsha Rider |
| 21:07 | Create | Shrivamsha Rider |
| 21:13 | Create | Villager (Male) |
| 21:47 | Create | Camel Scout |
| 21:47 | Create | Camel Scout |
| 21:48 | Create | Villager (Male) |
| 21:48 | Create | Villager (Male) |
| 21:52 | Build | Town Center |
| 22:04 | Create | Shrivamsha Rider |
| 22:08 | Create | Villager (Male) |
| 22:08 | Create | Villager (Male) |
| 22:09 | Build | Farm |
| 22:10 | Build | Farm |
| 22:10 | Build | Farm |
| 22:22 | Create | Shrivamsha Rider |
| 22:22 | Create | Shrivamsha Rider |
| 22:37 | Create | Camel Scout |
| 22:49 | Create | Villager (Male) |
| 22:50 | Build | Farm |
| 22:51 | Build | Farm |
| 23:16 | Create | Camel Scout |
| 23:41 | Create | Villager (Male) |
| 23:43 | Build | Monastery |
| 23:45 | Create | Villager (Male) |
| 23:47 | Create | Villager (Male) |
| 23:47 | Create | Villager (Male) |
| 24:08 | Create | Villager (Male) |
| 24:08 | Create | Villager (Male) |
| 24:19 | Build | Siege Workshop |
| 24:37 | Create | Monk |
| 24:38 | Create | Villager (Male) |
| 24:38 | Create | Villager (Male) |
| 24:41 | Create | Villager (Male) |
| 24:53 | Create | Mangonel |
| 24:59 | Create | Villager (Male) |
| 25:03 | Create | Villager (Male) |
| 25:04 | Create | Villager (Male) |
| 25:11 | Create | Villager (Male) |
| 25:14 | Build | Town Center |
| 25:32 | Create | Villager (Male) |
| 25:33 | Create | Villager (Male) |
| 26:05 | Create | Villager (Male) |
| 26:05 | Create | Villager (Male) |
| 26:08 | Create | Monk |
| 26:10 | Build | Mill |
| 26:20 | Create | Villager (Male) |
| 26:22 | Create | Villager (Male) |
| 26:22 | Create | Villager (Male) |
| 26:26 | Create | Camel Scout |
| 26:34 | Build | Farm |
| 26:34 | Create | Villager (Male) |
| 26:39 | Create | Villager (Male) |
| 26:43 | Create | Scorpion |
| 26:49 | Build | House |
| 26:56 | Build | House |
| 26:59 | Create | Monk |
| 27:06 | Create | Villager (Male) |
| 27:08 | Build | Farm |
| 27:09 | Build | Farm |
| 27:10 | Build | Farm |
Build order — TIGER
First 150 of 163 actions detected
| 0:42 | Build | Town Center |
| 0:53 | Build | House |
| 2:52 | Create | Villager (Male) |
| 2:53 | Create | Villager (Male) |
| 2:53 | Create | Villager (Male) |
| 2:53 | Create | Villager (Male) |
| 2:54 | Create | Villager (Male) |
| 3:52 | Create | Villager (Male) |
| 4:27 | Create | Villager (Male) |
| 4:48 | Research | Loom |
| 4:53 | Create | Villager (Male) |
| 4:53 | Create | Villager (Male) |
| 5:09 | Create | Villager (Male) |
| 5:09 | Create | Villager (Male) |
| 5:19 | Create | Villager (Male) |
| 5:51 | Build | Settlement |
| 6:00 | Create | Villager (Male) |
| 6:24 | Create | Villager (Male) |
| 6:24 | Create | Villager (Male) |
| 7:03 | Build | House |
| 7:14 | Create | Villager (Male) |
| 7:15 | Create | Villager (Male) |
| 7:41 | Build | House |
| 7:51 | Create | Villager (Male) |
| 7:51 | Create | Villager (Male) |
| 8:25 | Build | Palisade Wall |
| 8:26 | Build | Palisade Wall |
| 8:31 | Create | Villager (Male) |
| 8:32 | Create | Villager (Male) |
| 9:04 | Create | Villager (Male) |
| 9:20 | Create | Villager (Male) |
| 10:18 | Build | Palisade Wall |
| 10:18 | Build | Palisade Wall |
| 10:50 | Build | Palisade Wall |
| 10:51 | Build | Palisade Wall |
| 10:57 | Build | Palisade Wall |
| 10:59 | Build | Palisade Wall |
| 11:02 | Build | Palisade Wall |
| 11:06 | Build | Palisade Wall |
| 12:18 | Build | Settlement |
| 12:38 | Create | Villager (Male) |
| 12:38 | Create | Villager (Male) |
| 13:06 | Build | Palisade Wall |
| 14:27 | Research | Feudal Age |
| 14:27 | Research | Feudal Age |
| 14:33 | Build | Settlement |
| 15:09 | Build | House |
| 15:12 | Build | House |
| 15:15 | Build | Palisade Wall |
| 15:50 | Build | House |
| 16:31 | Create | Villager (Male) |
| 16:32 | Create | Villager (Male) |
| 16:37 | Age | Feudal Age |
| 16:45 | Create | Villager (Male) |
| 16:45 | Create | Villager (Male) |
| 17:07 | Build | Watch Tower |
| 17:39 | Build | Outpost |
| 17:49 | Create | Villager (Male) |
| 17:50 | Create | Villager (Male) |
| 17:53 | Build | Palisade Wall |
| 17:58 | Research | Horse Collar |
| 18:18 | Build | Settlement |
| 18:34 | Build | Watch Tower |
| 20:34 | Build | Settlement |
| 20:39 | Create | Villager (Male) |
| 20:40 | Create | Villager (Male) |
| 20:41 | Create | Villager (Male) |
| 21:16 | Build | Watch Tower |
| 21:18 | Build | Palisade Wall |
| 21:48 | Create | Villager (Male) |
| 21:48 | Create | Villager (Male) |
| 22:14 | Create | Villager (Male) |
| 22:14 | Create | Villager (Male) |
| 22:19 | Build | Watch Tower |
| 22:53 | Build | Blacksmith |
| 23:19 | Build | Watch Tower |
| 23:24 | Create | Villager (Male) |
| 23:25 | Create | Villager (Male) |
| 23:45 | Research | Double-Bit Axe |
| 24:03 | Build | Palisade Wall |
| 24:04 | Build | Palisade Wall |
| 24:05 | Build | Palisade Wall |
| 24:05 | Build | Palisade Wall |
| 24:09 | Create | Villager (Male) |
| 24:10 | Create | Villager (Male) |
| 24:58 | Build | Settlement |
| 25:03 | Create | Villager (Male) |
| 25:03 | Create | Villager (Male) |
| 25:22 | Create | Villager (Male) |
| 25:26 | Create | Villager (Male) |
| 26:28 | Build | Farm |
| 27:16 | Build | Farm |
| 27:17 | Build | Farm |
| 27:18 | Build | Farm |
| 27:24 | Create | Villager (Male) |
| 27:24 | Create | Villager (Male) |
| 28:30 | Build | Town Center |
| 29:41 | Create | Villager (Male) |
| 29:41 | Create | Villager (Male) |
| 29:41 | Create | Villager (Male) |
| 29:47 | Build | Farm |
| 29:47 | Build | Farm |
| 29:48 | Build | Farm |
| 29:48 | Build | Farm |
| 29:48 | Build | Farm |
| 29:50 | Create | Villager (Male) |
| 29:50 | Create | Villager (Male) |
| 29:51 | Create | Villager (Male) |
| 30:55 | Create | Villager (Male) |
| 30:56 | Create | Villager (Male) |
| 32:13 | Build | Settlement |
| 32:25 | Create | Villager (Male) |
| 32:25 | Create | Villager (Male) |
| 32:25 | Create | Villager (Male) |
| 32:51 | Create | Villager (Male) |
| 32:51 | Create | Villager (Male) |
| 33:09 | Build | Market |
| 33:11 | Create | Villager (Male) |
| 33:15 | Create | Villager (Male) |
| 34:20 | Research | Castle Age |
| 35:22 | Create | Villager (Male) |
| 35:22 | Create | Villager (Male) |
| 35:57 | Build | Settlement |
| 37:00 | Age | Castle Age |
| 37:03 | Build | Town Center |
| 37:10 | Build | Town Center |
| 37:15 | Create | Villager (Male) |
| 37:27 | Create | Villager (Male) |
| 37:31 | Research | Wheelbarrow |
| 38:23 | Build | Settlement |
| 38:23 | Create | Villager (Male) |
| 38:28 | Research | Town Watch |
| 38:29 | Create | Villager (Male) |
| 38:29 | Create | Villager (Male) |
| 38:43 | Create | Villager (Male) |
| 38:44 | Create | Villager (Male) |
| 38:44 | Create | Villager (Male) |
| 38:47 | Create | Villager (Male) |
| 38:47 | Create | Villager (Male) |
| 38:49 | Create | Villager (Male) |
| 39:03 | Build | Town Center |
| 39:04 | Create | Villager (Male) |
| 39:12 | Create | Villager (Male) |
| 39:30 | Research | Hand Cart |
| 39:31 | Create | Villager (Male) |
| 39:33 | Build | Farm |
| 39:33 | Create | Villager (Male) |
| 39:35 | Create | Villager (Male) |
| 39:36 | Create | Villager (Male) |
| 39:37 | Create | Villager (Male) |
Build order — saymyname
First 150 of 289 actions detected
| 0:41 | Build | Town Center |
| 2:48 | Create | Villager (Male) |
| 2:49 | Create | Villager (Male) |
| 2:49 | Create | Villager (Male) |
| 2:49 | Create | Villager (Male) |
| 2:49 | Create | Villager (Male) |
| 3:41 | Research | Loom |
| 3:44 | Build | House |
| 3:55 | Create | Villager (Male) |
| 3:56 | Create | Villager (Male) |
| 3:56 | Create | Villager (Male) |
| 3:56 | Create | Villager (Male) |
| 4:32 | Create | Villager (Male) |
| 4:32 | Create | Villager (Male) |
| 4:52 | Create | Villager (Male) |
| 5:46 | Build | Lumber Camp |
| 5:49 | Create | Villager (Male) |
| 5:50 | Create | Villager (Male) |
| 5:50 | Create | Villager (Male) |
| 6:21 | Build | House |
| 6:41 | Create | Villager (Male) |
| 6:41 | Create | Villager (Male) |
| 7:02 | Create | Villager (Male) |
| 7:23 | Create | Villager (Male) |
| 7:34 | Create | Villager (Male) |
| 7:49 | Create | Villager (Male) |
| 7:49 | Create | Villager (Male) |
| 7:52 | Build | House |
| 8:39 | Build | House |
| 8:42 | Build | House |
| 9:31 | Build | Mill |
| 9:43 | Create | Villager (Male) |
| 9:43 | Create | Villager (Male) |
| 9:44 | Create | Villager (Male) |
| 9:44 | Create | Villager (Male) |
| 10:15 | Build | Palisade Wall |
| 10:35 | Research | Feudal Age |
| 10:36 | Research | Feudal Age |
| 11:34 | Build | Mining Camp |
| 11:44 | Create | Villager (Male) |
| 11:44 | Create | Villager (Male) |
| 12:45 | Age | Feudal Age |
| 12:53 | Build | Palisade Gate |
| 13:01 | Create | Villager (Male) |
| 13:13 | Create | Villager (Male) |
| 13:33 | Build | Blacksmith |
| 13:44 | Build | Palisade Wall |
| 13:50 | Create | Villager (Male) |
| 14:53 | Build | Market |
| 14:58 | Build | Palisade Wall |
| 15:04 | Create | Villager (Male) |
| 15:05 | Create | Villager (Male) |
| 15:44 | Build | House |
| 16:06 | Research | Castle Age |
| 16:06 | Research | Castle Age |
| 16:19 | Research | Double-Bit Axe |
| 16:19 | Research | Double-Bit Axe |
| 16:25 | Build | Barracks |
| 16:50 | Create | Villager (Male) |
| 17:00 | Research | Gold Mining |
| 17:14 | Research | Horse Collar |
| 17:14 | Research | Horse Collar |
| 17:46 | Research | Bow Saw |
| 18:40 | Build | Stable |
| 18:46 | Age | Castle Age |
| 18:47 | Create | Villager (Male) |
| 18:48 | Create | Villager (Male) |
| 18:54 | Research | Scale Barding Armor |
| 19:23 | Create | Knight ×3 |
| 19:30 | Build | Stable |
| 19:39 | Build | House |
| 20:22 | Research | Cavalier (upgrade) |
| 20:22 | Research | Cavalier (upgrade) |
| 20:40 | Create | Villager (Male) |
| 21:21 | Build | Town Center |
| 21:26 | Build | Town Center |
| 21:45 | Research | Forging |
| 21:45 | Research | Forging |
| 21:50 | Create | Knight |
| 21:50 | Create | Knight |
| 22:17 | Research | Husbandry |
| 22:17 | Research | Husbandry |
| 23:07 | Create | Villager (Male) |
| 23:07 | Create | Villager (Male) |
| 23:48 | Create | Knight |
| 23:48 | Create | Knight |
| 23:53 | Create | Knight |
| 23:54 | Create | Knight |
| 23:54 | Create | Knight |
| 24:09 | Build | Farm |
| 24:10 | Build | Farm |
| 24:10 | Build | Farm |
| 24:10 | Build | Farm |
| 24:10 | Build | Farm |
| 24:10 | Build | Farm |
| 24:10 | Build | Farm |
| 24:11 | Build | Farm |
| 24:11 | Build | Farm |
| 24:11 | Build | Farm |
| 24:25 | Create | Knight |
| 24:53 | Create | Knight |
| 25:06 | Create | Villager (Male) |
| 25:06 | Create | Villager (Male) |
| 25:40 | Research | Chain Barding Armor |
| 25:40 | Research | Chain Barding Armor |
| 25:57 | Create | Knight |
| 26:01 | Build | Farm |
| 26:01 | Build | Farm |
| 26:02 | Build | Farm |
| 26:02 | Build | Farm |
| 26:02 | Build | Farm |
| 26:02 | Build | Farm |
| 26:25 | Build | Farm |
| 26:25 | Build | Farm |
| 26:26 | Build | Farm |
| 26:26 | Build | Farm |
| 26:41 | Create | Knight |
| 26:41 | Create | Knight |
| 26:41 | Create | Knight |
| 26:50 | Build | Mining Camp |
| 26:51 | Create | Villager (Male) |
| 26:52 | Create | Villager (Male) |
| 27:04 | Create | Knight |
| 27:05 | Create | Knight |
| 27:32 | Create | Knight |
| 28:02 | Create | Knight |
| 28:02 | Create | Knight |
| 28:02 | Create | Knight |
| 28:04 | Create | Villager (Male) |
| 28:04 | Create | Villager (Male) |
| 28:17 | Create | Villager (Male) |
| 28:17 | Create | Villager (Male) |
| 28:42 | Create | Knight |
| 28:48 | Build | House |
| 28:48 | Build | House |
| 28:48 | Build | House |
| 28:48 | Build | House |
| 29:22 | Create | Villager (Male) |
| 29:22 | Create | Villager (Male) |
| 29:22 | Create | Villager (Male) |
| 29:27 | Build | Stable |
| 29:30 | Build | Stable |
| 29:32 | Create | Villager (Male) |
| 29:32 | Create | Villager (Male) |
| 29:49 | Create | Villager (Male) |
| 29:49 | Create | Villager (Male) |
| 30:29 | Research | Light Cavalry (upgrade) |
| 30:29 | Research | Light Cavalry (upgrade) |
| 30:31 | Build | Farm |
| 30:31 | Build | Farm |
Build order — TIGER
First 150 of 182 actions detected
| 0:39 | Build | Town Center |
| 2:52 | Create | Villager (Male) ×4 |
| 3:04 | Build | House |
| 3:56 | Build | House |
| 4:32 | Create | Villager (Male) |
| 4:32 | Create | Villager (Male) |
| 4:32 | Create | Villager (Male) |
| 4:52 | Build | House |
| 5:01 | Create | Villager (Male) |
| 5:02 | Create | Villager (Male) |
| 5:19 | Create | Villager (Male) |
| 6:03 | Create | Villager (Male) |
| 6:03 | Create | Villager (Male) |
| 6:36 | Create | Villager (Male) |
| 6:36 | Create | Villager (Male) |
| 6:37 | Create | Villager (Male) |
| 6:59 | Build | House |
| 7:14 | Create | Villager (Male) |
| 7:15 | Create | Villager (Male) |
| 7:15 | Create | Villager (Male) |
| 7:15 | Create | Villager (Male) |
| 7:29 | Build | Lumber Camp |
| 7:31 | Create | Villager (Male) |
| 7:32 | Create | Villager (Male) |
| 8:28 | Research | Loom |
| 8:44 | Build | Palisade Wall |
| 8:52 | Create | Villager (Male) |
| 9:43 | Build | Mill |
| 9:53 | Build | Mining Camp |
| 10:14 | Research | Feudal Age |
| 10:51 | Build | Barracks |
| 11:36 | Build | House |
| 12:04 | Build | Palisade Wall |
| 12:06 | Build | Palisade Wall |
| 12:08 | Build | House |
| 12:24 | Age | Feudal Age |
| 12:26 | Build | Archery Range |
| 12:27 | Create | Villager (Male) |
| 12:29 | Create | Villager (Male) |
| 12:32 | Create | Villager (Male) |
| 12:47 | Research | Double-Bit Axe |
| 12:57 | Create | Archer |
| 12:57 | Create | Archer |
| 12:57 | Create | Archer |
| 12:57 | Create | Archer |
| 12:58 | Create | Archer |
| 13:19 | Create | Spearman |
| 13:28 | Create | Archer |
| 13:31 | Create | Villager (Male) |
| 13:47 | Build | Lumber Camp |
| 14:15 | Create | Archer |
| 14:16 | Create | Archer |
| 14:16 | Create | Villager (Male) |
| 14:35 | Create | Archer |
| 14:38 | Create | Villager (Male) |
| 14:53 | Build | Blacksmith |
| 14:54 | Create | Archer |
| 15:17 | Build | Watch Tower |
| 15:31 | Create | Archer |
| 16:06 | Build | House |
| 16:07 | Build | House |
| 16:14 | Build | House |
| 16:15 | Build | House |
| 16:17 | Create | Archer |
| 16:30 | Build | Mill |
| 17:09 | Build | Mining Camp |
| 17:11 | Create | Archer |
| 17:11 | Create | Archer |
| 17:57 | Research | Fletching |
| 18:13 | Create | Villager (Male) |
| 18:13 | Create | Villager (Male) |
| 18:33 | Create | Villager (Male) |
| 18:59 | Create | Archer |
| 19:12 | Create | Villager (Male) |
| 19:17 | Build | Mill |
| 19:38 | Create | Villager (Male) |
| 19:45 | Create | Archer |
| 19:47 | Create | Villager (Male) |
| 20:00 | Build | Market |
| 20:10 | Create | Villager (Male) |
| 20:21 | Create | Archer |
| 20:34 | Build | Palisade Wall |
| 21:01 | Build | Lumber Camp |
| 21:06 | Create | Archer |
| 21:06 | Create | Archer |
| 21:19 | Create | Archer |
| 21:32 | Build | House |
| 21:33 | Build | House |
| 21:51 | Build | House |
| 22:13 | Research | Padded Archer Armor |
| 22:15 | Create | Archer |
| 22:15 | Create | Archer |
| 22:15 | Create | Archer |
| 23:15 | Create | Villager (Male) |
| 23:15 | Create | Villager (Male) |
| 23:16 | Create | Villager (Male) |
| 23:16 | Create | Villager (Male) |
| 24:15 | Create | Archer |
| 24:34 | Build | Mining Camp |
| 24:36 | Create | Archer |
| 24:36 | Create | Archer |
| 25:43 | Build | Lumber Camp |
| 25:49 | Create | Villager (Male) |
| 25:50 | Create | Villager (Male) |
| 25:50 | Create | Villager (Male) |
| 27:16 | Build | Mill |
| 27:24 | Build | Market |
| 29:06 | Build | House |
| 29:41 | Build | Town Center |
| 31:14 | Research | Castle Age |
| 31:18 | Build | Farm |
| 31:19 | Build | Farm |
| 31:26 | Create | Villager (Male) |
| 31:48 | Build | Farm |
| 31:59 | Build | Farm |
| 32:00 | Build | Farm |
| 32:30 | Build | Lumber Camp |
| 32:43 | Build | Barracks |
| 33:49 | Build | Barracks |
| 33:54 | Age | Castle Age |
| 33:54 | Create | Villager (Male) |
| 34:24 | Build | Market |
| 34:29 | Create | Villager (Male) |
| 34:36 | Build | Barracks |
| 34:41 | Create | Villager (Male) |
| 35:12 | Create | Villager (Male) |
| 35:20 | Build | House |
| 35:20 | Build | House |
| 35:20 | Build | House |
| 35:21 | Build | House |
| 35:21 | Build | House |
| 35:21 | Build | House |
| 35:22 | Build | House |
| 35:22 | Build | House |
| 35:22 | Build | House |
| 35:22 | Build | House |
| 35:23 | Build | House |
| 35:23 | Build | House |
| 35:23 | Build | House |
| 35:46 | Build | Town Center |
| 35:50 | Build | Lumber Camp |
| 36:20 | Research | Horse Collar |
| 36:35 | Research | Bow Saw |
| 37:04 | Create | Villager (Male) |
| 37:04 | Create | Villager (Male) |
| 37:12 | Build | Farm |
| 37:31 | Build | Farm |
| 37:31 | Build | Farm |
| 37:31 | Build | Farm |
| 37:32 | Build | Farm |
Build order — saymyname
First 150 of 268 actions detected
| 0:18 | Build | Town Center |
| 2:38 | Create | Villager (Male) |
| 2:38 | Create | Villager (Male) |
| 2:40 | Create | Villager (Male) |
| 2:40 | Create | Villager (Male) |
| 2:42 | Build | House |
| 2:42 | Create | Villager (Male) |
| 3:31 | Create | Villager (Male) |
| 3:58 | Create | Villager (Male) |
| 4:13 | Build | Lumber Camp |
| 4:34 | Create | Villager (Male) |
| 4:53 | Create | Villager (Male) |
| 4:57 | Build | House |
| 5:23 | Create | Villager (Male) |
| 5:30 | Research | Loom |
| 5:31 | Research | Loom |
| 5:31 | Create | Villager (Male) |
| 5:34 | Build | House |
| 5:39 | Create | Villager (Male) |
| 5:45 | Create | Villager (Male) |
| 5:45 | Create | Villager (Male) |
| 6:15 | Create | Villager (Male) |
| 6:16 | Create | Villager (Male) |
| 6:36 | Create | Villager (Male) |
| 6:54 | Create | Villager (Male) |
| 7:05 | Build | Palisade Wall |
| 7:12 | Create | Villager (Male) |
| 7:29 | Create | Villager (Male) |
| 7:38 | Create | Villager (Male) |
| 7:55 | Build | House |
| 8:09 | Build | Mill |
| 8:10 | Create | Villager (Male) |
| 8:15 | Build | House |
| 8:17 | Build | Palisade Wall |
| 8:22 | Create | Villager (Male) |
| 8:46 | Create | Villager (Male) |
| 9:02 | Create | Villager (Male) |
| 9:16 | Create | Villager (Male) |
| 9:25 | Create | Villager (Male) |
| 9:33 | Create | Villager (Male) |
| 9:51 | Create | Villager (Male) |
| 10:06 | Create | Villager (Male) |
| 10:20 | Build | Palisade Wall |
| 10:23 | Create | Villager (Male) |
| 10:24 | Build | House |
| 10:29 | Build | Palisade Wall |
| 10:31 | Create | Villager (Male) |
| 10:36 | Build | Palisade Wall |
| 10:37 | Build | Palisade Wall |
| 10:42 | Build | Palisade Wall |
| 10:43 | Build | Palisade Wall |
| 10:44 | Create | Villager (Male) |
| 10:44 | Create | Villager (Male) |
| 11:13 | Create | Villager (Male) |
| 11:15 | Build | House |
| 11:33 | Create | Villager (Male) |
| 11:41 | Build | Mill |
| 12:11 | Research | Feudal Age |
| 12:11 | Research | Feudal Age |
| 12:25 | Build | Mining Camp |
| 13:16 | Build | Mill |
| 13:26 | Build | Palisade Wall |
| 13:27 | Build | Palisade Wall |
| 13:33 | Build | Palisade Wall |
| 14:15 | Age | Feudal Age |
| 14:15 | Build | Barracks |
| 14:17 | Create | Villager (Male) |
| 14:31 | Research | Double-Bit Axe |
| 14:32 | Create | Villager (Male) |
| 14:46 | Create | Villager (Male) |
| 14:58 | Build | Palisade Wall |
| 14:59 | Build | Palisade Wall |
| 15:00 | Build | Palisade Wall |
| 15:01 | Build | Palisade Wall |
| 15:03 | Build | Palisade Wall |
| 15:06 | Build | Blacksmith |
| 15:09 | Create | Spearman |
| 15:12 | Build | Palisade Wall |
| 15:13 | Build | Palisade Wall |
| 15:15 | Build | Palisade Wall |
| 15:17 | Create | Villager (Male) |
| 15:22 | Create | Spearman |
| 15:41 | Research | Town Watch |
| 15:52 | Build | Farm |
| 15:52 | Create | Villager (Male) |
| 15:55 | Create | Spearman |
| 16:14 | Create | Villager (Male) |
| 16:30 | Build | Farm |
| 16:31 | Build | Farm |
| 16:42 | Create | Villager (Male) |
| 17:09 | Create | Villager (Male) |
| 17:14 | Build | Market |
| 17:41 | Build | Farm |
| 18:07 | Create | Spearman |
| 18:24 | Build | Watch Tower |
| 18:42 | Research | Castle Age |
| 19:09 | Create | Spearman |
| 19:34 | Create | Spearman |
| 20:22 | Create | Spearman |
| 20:36 | Create | Spearman |
| 21:07 | Age | Castle Age |
| 23:06 | Build | Farm |
| 23:50 | Create | Villager (Male) |
| 24:35 | Create | Villager (Male) |
| 24:58 | Build | Market |
| 25:04 | Build | Market |
| 25:07 | Create | Villager (Male) |
| 25:11 | Build | Farm |
| 25:48 | Build | Town Center |
| 25:49 | Create | Villager (Male) |
| 26:17 | Create | Villager (Male) |
| 26:26 | Create | Villager (Male) |
| 26:26 | Create | Villager (Male) |
| 26:39 | Create | Villager (Male) |
| 27:07 | Build | House |
| 27:08 | Build | House |
| 27:10 | Build | Palisade Wall |
| 27:11 | Build | Palisade Wall |
| 27:12 | Create | Villager (Male) |
| 27:12 | Create | Villager (Male) |
| 27:16 | Build | House |
| 27:18 | Build | House |
| 27:20 | Build | Palisade Wall |
| 27:30 | Build | Farm |
| 27:33 | Build | Farm |
| 27:39 | Create | Villager (Male) |
| 27:46 | Build | Farm |
| 27:54 | Build | Farm |
| 27:57 | Create | Villager (Male) |
| 28:26 | Create | Villager (Male) |
| 28:32 | Build | Outpost |
| 28:37 | Build | Farm |
| 28:42 | Create | Villager (Male) |
| 28:50 | Create | Villager (Male) |
| 28:56 | Build | Mining Camp |
| 29:15 | Build | Outpost |
| 29:19 | Create | Villager (Male) |
| 29:22 | Build | Farm |
| 29:23 | Create | Villager (Male) |
| 29:26 | Build | Farm |
| 29:46 | Create | Villager (Male) |
| 29:54 | Build | Farm |
| 29:55 | Create | Villager (Male) |
| 30:24 | Create | Villager (Male) |
| 30:29 | Build | Monastery |
| 30:33 | Create | Villager (Male) |
| 30:55 | Create | Villager (Male) |
| 31:01 | Create | Villager (Male) |
| 31:12 | Create | Monk |
| 31:22 | Create | Villager (Male) |
Match timeline
| 6:54 | saymyname · wall_segment Palisade Wall x8 |
| 7:05 | saymyname · wall_segment Palisade Wall x1 |
| 7:38 | saymyname · wall_segment Palisade Wall x3 |
| 8:17 | saymyname · wall_segment Palisade Wall x10 |
| 8:25 | TIGER · wall_segment Palisade Wall x1 |
| 8:26 | TIGER · wall_segment Palisade Wall x1 |
| 8:44 | saymyname · wall_segment Palisade Wall x1 |
| 8:44 | TIGER · wall_segment Palisade Wall x1 |
| 8:45 | saymyname · wall_segment Palisade Wall x1 |
| 8:47 | saymyname · wall_segment Palisade Wall x1 |
| 10:10 | saymyname · first_building Barracks |
| 10:15 | saymyname · wall_segment Palisade Wall x12 |
| 10:18 | TIGER · wall_segment Palisade Wall x1 |
| 10:18 | TIGER · wall_segment Palisade Wall x1 |
| 10:20 | saymyname · wall_segment Palisade Wall x1 |
| 10:29 | saymyname · wall_segment Palisade Wall x1 |
| 10:30 | TIGER · first_building Barracks |
| 10:36 | saymyname · wall_segment Palisade Wall x1 |
| 10:37 | saymyname · wall_segment Palisade Wall x1 |
| 10:37 | saymyname · wall_segment Palisade Wall x1 |
| 10:37 | saymyname · wall_segment Palisade Wall x1 |
| 10:38 | saymyname · first_building Barracks |
| 10:38 | saymyname · wall_segment Palisade Wall x1 |
| 10:40 | saymyname · wall_segment Palisade Wall x3 |
| 10:42 | saymyname · wall_segment Palisade Wall x1 |
| 10:42 | saymyname · wall_segment Palisade Wall x1 |
| 10:43 | saymyname · wall_segment Palisade Wall x1 |
| 10:44 | saymyname · wall_segment Palisade Wall x1 |
| 10:50 | TIGER · wall_segment Palisade Wall x1 |
| 10:51 | TIGER · first_building Barracks |
| 10:51 | TIGER · wall_segment Palisade Wall x1 |
| 10:54 | saymyname · wall_segment Palisade Wall x1 |
| 10:55 | saymyname · wall_segment Palisade Wall x1 |
| 10:57 | TIGER · wall_segment Palisade Wall x1 |
| 10:59 | TIGER · wall_segment Palisade Wall x1 |
| 11:02 | TIGER · wall_segment Palisade Wall x1 |
| 11:06 | TIGER · wall_segment Palisade Wall x6 |
| 11:19 | saymyname · wall_segment Palisade Wall x4 |
| 11:30 | TIGER · age_up feudal |
| 11:31 | TIGER · first_building Stable |
| 11:39 | saymyname · age_up feudal |
| 11:42 | saymyname · first_building Archery Range |
| 12:03 | saymyname · wall_segment Palisade Wall x1 |
| 12:04 | TIGER · wall_segment Palisade Wall x3 |
| 12:06 | TIGER · wall_segment Palisade Wall x1 |
| 12:18 | TIGER · wall_segment Palisade Wall x1 |
| 12:20 | TIGER · wall_segment Palisade Wall x3 |
| 12:24 | TIGER · age_up feudal |
| 12:26 | TIGER · first_building Archery Range |
| 12:31 | saymyname · wall_segment Palisade Wall x1 |
| 12:33 | TIGER · wall_segment Palisade Wall x1 |
| 12:41 | saymyname · age_up feudal |
| 12:43 | TIGER · age_up feudal |
| 12:45 | saymyname · age_up feudal |
| 12:46 | saymyname · first_building Archery Range |
| 13:06 | TIGER · wall_segment Palisade Wall x9 |
| 13:11 | saymyname · wall_segment Palisade Wall x1 |
| 13:13 | saymyname · wall_segment Palisade Wall x2 |
| 13:26 | saymyname · wall_segment Palisade Wall x1 |
| 13:27 | saymyname · wall_segment Palisade Wall x1 |
| 13:33 | saymyname · wall_segment Palisade Wall x1 |
| 13:44 | saymyname · wall_segment Palisade Wall x2 |
| 14:15 | saymyname · age_up feudal |
| 14:15 | saymyname · first_building Barracks |
| 14:58 | saymyname · wall_segment Palisade Wall x1 |
| 14:58 | saymyname · wall_segment Palisade Wall x1 |
| 14:59 | saymyname · wall_segment Palisade Wall x1 |
| 15:00 | saymyname · wall_segment Palisade Wall x1 |
| 15:01 | saymyname · wall_segment Palisade Wall x1 |
| 15:03 | saymyname · wall_segment Palisade Wall x1 |
| 15:12 | saymyname · wall_segment Palisade Wall x1 |
| 15:13 | saymyname · wall_segment Palisade Wall x1 |
| 15:15 | saymyname · wall_segment Palisade Wall x1 |
| 15:15 | TIGER · wall_segment Palisade Wall x1 |
| 16:14 | TIGER · first_building Barracks |
| 16:25 | saymyname · first_building Barracks |
| 16:26 | TIGER · age_up castle |
| 16:34 | TIGER · first_building Siege Workshop |
| 16:37 | TIGER · age_up feudal |
| 17:02 | TIGER · first_market_sell 500 wood |
| 17:11 | saymyname · wall_segment Palisade Wall x1 |
| 17:12 | saymyname · wall_segment Palisade Wall x1 |
| 17:13 | saymyname · wall_segment Palisade Wall x1 |
| 17:14 | saymyname · wall_segment Palisade Wall x1 |
| 17:15 | saymyname · wall_segment Palisade Wall x1 |
| 17:16 | saymyname · wall_segment Palisade Wall x1 |
| 17:20 | TIGER · first_market_buy 100 wood |
| 17:53 | TIGER · wall_segment Palisade Wall x5 |
| 17:53 | saymyname · first_market_buy 100 food |
| 18:40 | saymyname · first_building Stable |
| 18:41 | saymyname · first_market_sell 100 wood |
| 18:46 | saymyname · age_up castle |
| 19:51 | TIGER · age_up castle |
| 20:28 | saymyname · first_market_sell 100 wood |
| 20:29 | saymyname · first_market_buy 100 food |
| 20:34 | TIGER · wall_segment Palisade Wall x1 |
| 21:07 | saymyname · age_up castle |
| 21:15 | saymyname · wall_segment Palisade Wall x11 |
| 21:18 | TIGER · wall_segment Palisade Wall x1 |
| 21:21 | TIGER · first_market_buy 100 stone |
| 22:52 | saymyname · age_up castle |
| 23:23 | TIGER · first_building Monastery |
| 23:40 | TIGER · wall_segment Palisade Wall x3 |
| 23:43 | TIGER · first_building Monastery |
| 23:51 | saymyname · first_market_sell 100 wood |
| 24:03 | TIGER · wall_segment Palisade Wall x1 |
| 24:04 | TIGER · wall_segment Palisade Wall x1 |
| 24:05 | TIGER · wall_segment Palisade Wall x1 |
| 24:05 | TIGER · wall_segment Palisade Wall x1 |
| 24:08 | saymyname · tribute_sent a jugador 1 |
| 24:08 | saymyname · tribute_sent a jugador 2 |
| 24:08 | saymyname · tribute_sent a jugador 3 |
| 24:08 | saymyname · tribute_sent a jugador 4 |
| 24:08 | saymyname · tribute_sent a jugador 6 |
| 24:08 | saymyname · tribute_sent a jugador 7 |
| 24:08 | saymyname · tribute_sent a jugador 8 |
| 24:10 | saymyname · age_up castle |
| 24:19 | TIGER · first_building Siege Workshop |
| 24:37 | saymyname · first_building Castle |
| 24:49 | TIGER · wall_segment Palisade Wall x1 |
| 24:51 | TIGER · wall_segment Palisade Wall x1 |
| 25:32 | saymyname · first_building Siege Workshop |
| 25:44 | saymyname · tribute_sent a jugador 1 |
| 25:44 | saymyname · tribute_sent a jugador 3 |
| 25:44 | saymyname · tribute_sent a jugador 4 |
| 25:44 | saymyname · tribute_sent a jugador 5 |
| 25:44 | saymyname · tribute_sent a jugador 6 |
| 25:44 | saymyname · tribute_sent a jugador 7 |
| 25:44 | saymyname · tribute_sent a jugador 8 |
| 27:10 | saymyname · wall_segment Palisade Wall x1 |
| 27:11 | saymyname · wall_segment Palisade Wall x1 |
| 27:20 | saymyname · wall_segment Palisade Wall x1 |
| 28:02 | TIGER · first_market_buy 100 food |
| 28:04 | TIGER · first_market_sell 500 stone |
| 28:33 | TIGER · first_building Archery Range |
| 29:11 | TIGER · first_building Castle |
| 30:29 | saymyname · first_building Monastery |
| 31:06 | saymyname · first_market_buy 100 stone |
| 31:24 | saymyname · first_building Siege Workshop |
| 33:54 | TIGER · age_up castle |
| 34:06 | saymyname · first_market_sell 100 wood |
| 34:23 | saymyname · first_building Siege Workshop |
| 34:38 | TIGER · first_building Stable |
| 37:00 | TIGER · age_up castle |
| 37:52 | TIGER · age_up imperial |
| 37:53 | saymyname · first_building Castle |
| 38:07 | saymyname · age_up imperial |
| 38:24 | TIGER · first_building Castle |
| 38:31 | saymyname · first_building Castle |
| 38:49 | TIGER · first_market_sell 100 wood |
| 38:52 | TIGER · first_market_buy 100 wood |
| 41:35 | TIGER · resign |
[ AI ANALYSIS · 1 CREDIT ]
What really happened in this match?
Wolo.gg analyzes every decision: build order, eco, micro, common mistakes by bracket. Personalized analysis on WhatsApp or Discord in 30 seconds.
Civ guide
Ethiopians
Perfil
Jugador #106457